 Dungeon Crawl Stone Soup version 0.23.0 (webtiles) character file.

Game seed: 14232842814371563183

90 Laan the Skirmisher (level 4, -1/29 HPs)
             Began as a Gargoyle Fighter on Feb 10, 2019.
             Splashed by a jelly's acid (10 damage)
             ... on level 2 of the Dungeon.
             The game lasted 00:02:39 (1403 turns).

Laan the Skirmisher (Gargoyle Fighter)              Turns: 1403, Time: 00:02:40

Health: -1/29      AC:  2    Str: 20    XL:     4   Next: 56%
Magic:  4/4        EV:  5    Int:  9    God:
Gold:   39         SH:  9    Dex:  9    Spells: 3/3 levels left

rFire    . . .     SeeInvis .   a - +0 flail
rCold    . . .     Gourm    .   c - +0 shield
rNeg     + . .     Faith    .   m - +0 chain mail
rPois    ∞         Spirit   .   (no helmet)
rElec    +         Reflect  .   (no cloak)
rCorr    .         Harm     .   (no gloves)
MR       .....                  (no boots)
Stlth    ..........             (no amulet)
HPRegen  0.09/turn              l - +1 ring of protection
MPRegen  0.09/turn              (no ring)

@: corroded
A: negative energy resistance 1, electricity resistance, unbreathing,
petrification resistance, rot immunity, AC +3
a: no special abilities


You were on level 2 of the Dungeon.
You were not hungry.

You visited 1 branch of the dungeon, and saw 2 of its levels.

You collected 39 gold pieces.

Inventory:

Hand Weapons
 a - a +0 flail (weapon)
Armour
 c - a +0 shield (worn)
 m - a +0 chain mail (worn)
Jewellery
 l - a +1 ring of protection (left hand)
Scrolls
 e - a scroll of amnesia {unknown}
 g - 2 scrolls of teleportation {unknown}
 j - 3 scrolls of remove curse {unknown}
 k - 4 scrolls of identify {unknown}
Potions
 b - a potion of magic {unknown}
 d - a potion of might
 h - a potion of degeneration {unknown}
 i - a potion of haste {unknown}
Comestibles
 f - 7 rations
 n - 2 chunks of flesh


   Skills:
 + Level 3.9 Fighting
 * Level 3.2 Maces & Flails
 + Level 3.9 Armour
 + Level 3.8 Shields


You had 3 spell levels left.
You didn't know any spells.
Your spell library was empty.

Dungeon Overview and Level Annotations

Branches:
Dungeon (2/15)

Altars:
Dithmenos
Okawaru
Wu Jian
Zin


Innate Abilities, Weirdness & Mutations

You are resistant to torment.
Your stone body is resilient. (AC +3)
You are immune to poison.
You resist negative energy. (rN+)
You are resistant to electric shocks. (rElec)
You can survive without breathing.
You are immune to petrification.
You are immune to rotting.


Message History

Things that are here:
a +0 club; a stone; a kobold corpse Your shield and chain mail prevent you from hitting the jelly.
The jelly barely misses you. The jelly hits you but does no damage.
You hit the jelly. The acid corrodes you!
Your hands burn!
The jelly is moderately wounded.
The jelly hits you but does no damage.
You hit the jelly.
Your hands burn!
The jelly is moderately wounded.
You block the jelly's attack.
You hit the jelly.
Your hands burn!
The jelly is heavily wounded.
The jelly closely misses you.
You hit the jelly but do no damage. The acid corrodes you!
Your hands burn!
The jelly is heavily wounded.
The jelly barely misses you. The jelly hits you but does no damage.
Your chain mail prevents you from hitting the jelly.
The jelly is heavily wounded.
The jelly hits you. The acid corrodes you!
You are splashed with acid!
You die...

..## ######.. ...## ### #.......
....# #######.##.....!##.......
....#####....#.#(#.PP.PP##.......
....#.##.....#.#.#..÷...##......#
......').....#'#(#PJ.PP.##...####
...>..(........#.#J÷....##...#...
..÷.#.)........#)#JP..P.###.#..##
....#.##.......#@#...÷÷.##.......
..#...###......##JJP÷P..##.......
#####.############÷.....####.....
.......# ##########..... ####.###
##### #....... #.# .... ##......
#)# #####.# ##...... #(#
#.....##########.......
##.######........##............


You could see a jelly and an ooze.

Vanquished Creatures
  2 adders (D:2)
  4 oozes
  2 worms (D:2)
  A dart slug (D:1)
  2 leopard geckos (D:1)
  9 bats
  2 giant cockroaches (D:2)
  3 hobgoblins
  14 kobolds
  A quokka (D:2)
  3 frilled lizards
  A goblin (D:1)
  3 rats
47 creatures vanquished.

Vanquished Creatures (others)
  2 fungi (D:2)
  6 toadstools (D:2)
8 creatures vanquished.

Grand Total: 55 creatures vanquished

Notes
Turn   | Place    | Note
-------+----------+-------------------------------------------
     0 | D:1      | Laan the Gargoyle Fighter began the quest for the Orb.
     0 | D:1      | Reached XP level 1. HP: 14/14 MP: 1/1
    40 | D:1      | Reached XP level 2. HP: 15/19 MP: 2/2
   433 | D:1      | Reached XP level 3. HP: 23/23 MP: 3/3
   963 | D:2      | Found an iron altar of Okawaru.
   978 | D:2      | Found an ornate altar of the Wu Jian Council.
   980 | D:2      | Found a shadowy altar of Dithmenos.
  1023 | D:2      | Found a glowing silver altar of Zin.
  1061 | D:2      | Reached XP level 4. HP: 17/29 MP: 4/4
  1403 | D:2      | Splashed by a jelly's acid

Skill      XL: |  1  2  3 |
---------------+----------+-----
Maces & Flails | 3 |  3.2
Fighting       | |  3.9
Armour         | |  3.9
Shields        | |  3.8

Action                   |  1- 3 |  4- 6 || total
-------------------------+-------+-------++-------
Melee: Flail             |   151 |    44 ||   195
  Eat: Chunk             |     1 |     1 ||     2
Armor: Scale mail        |    57 |       ||    57
       Chain mail        |    31 |    22 ||    53
Dodge: Dodged            |    42 |    11 ||    53
Block: Shield            |   100 |    20 ||   120
